 Dungeon Sprint DCSS version 0.17-a0-18-gc25b939 (webtiles) character file.

60372 Ololoev the Fetichist (level 14, -9/223 HPs)
             Began as a Hill Orc Gladiator on Mar 12, 2015.
             Was the Champion of Makhleb.
             Killed by divine providence
             ... invoked by a daeva
              (13 damage)
             ... in the Dungeon (Sprint V: "Ziggurat Sprint").
             The game lasted 00:24:38 (1987 turns).

Ololoev the Fetichist (Hill Orc Gladiator)          Turns: 1987, Time: 00:24:39

Health: -9/223     AC: 53    Str: 27    XL:     14   Next: 99%
Magic:  34/34      EV: 22    Int:  8    God:    Makhleb [******]
Gold:   7          SH:  0    Dex: 17    Spells: 2 memorised, 9 levels left

rFire  . . .     SeeInvis +     H - +4 battleaxe (chop)
rCold  . . .     Clarity  .     J - +15 Maxwell's patent armour {-Cast -Tele rElec MR+ rCorr}
rNeg   + . .     SustAb   .     (no shield)
rPois  +         Gourm    .     p - +1 helmet {SInv}
rElec  +         Spirit   .     (no cloak)
rCorr  +         Warding  +     q - +2 pair of gloves {Dex+3}
rMut   .         NoTele   +     (no boots)
MR     ++...     NoCast   +     c - brooch of Shielding {Ward rN+ AC+4 EV+4}
Stlth  ..........               r - ring of Robustness {AC+8}
                                a - ring of Xom's Malicious Joy {rPois Str+2 Stlth-}

@: berserking, very slightly contaminated, hasted, glowing, studying Fighting,
very quick, very resistant to hostile enchantments, extremely unstealthy
A: no striking features
a: Minor Destruction, Lesser Servant of Makhleb, Major Destruction, Greater
Servant of Makhleb, Renounce Religion


You were in the Dungeon.
You worshipped Makhleb.
Makhleb was exalted by your worship.
You were very full.

You visited 1 branch You collected 7 gold pieces.

Notes
Turn   | Place    | Note
--------------------------------------------------------------
     0 | D        | Ololoev, the Hill Orc Gladiator, began the quest for the Orb.
     0 | D        | Reached XP level 1. HP: 18/18 MP: 1/1
     0 | D        | Found a corrupted altar of Lugonu.
     0 | D        | Found a viscous altar of Jiyva.
     0 | D        | Found a white marble altar of Elyvilon.
     0 | D        | Found a burning altar of Makhleb.
     0 | D        | Found an iron altar of Okawaru.
     2 | D        | Found a sparkling altar of Nemelex Xobeh.
     2 | D        | Found a basalt altar of Yredelemnul.
     2 | D        | Found a deep blue altar of Sif Muna.
     2 | D        | Found a radiant altar of Vehumet.
     6 | D        | Found a bloodstained altar of Trog.
    32 | D        | Found a shimmering altar of Xom.
    50 | D        | Became a worshipper of Makhleb the Destroyer
    70 | D        | Entered arena 1.
    71 | D        | Reached skill level 1 in Evocations
    74 | D        | Reached skill level 6 in Axes
    74 | D        | Reached XP level 2. HP: 16/25 MP: 2/2
   186 | D        | Entered arena 2.
   186 | D        | Noticed an ice beast
   186 | D        | Noticed an ice beast
   189 | D        | Acquired Makhleb's first power
   191 | D        | Killed an ice beast
   191 | D        | Reached skill level 9 in Axes
   191 | D        | Reached XP level 3. HP: 30/30 MP: 3/5
   191 | D        | Reached XP level 4. HP: 37/37 MP: 4/7
   192 | D        | Killed an ice beast
   192 | D        | Acquired Makhleb's second power
   192 | D        | Reached skill level 10 in Axes
   192 | D        | Reached skill level 5 in Armour
   192 | D        | Reached skill level 5 in Evocations
   192 | D        | Reached XP level 5. HP: 42/42 MP: 5/9
   227 | D        | Entered arena 3.
   227 | D        | Noticed a deep elf conjurer
   227 | D        | Noticed a deep elf summoner
   227 | D        | Noticed a deep elf fighter
   227 | D        | Noticed a deep elf knight
   233 | D        | Killed a deep elf conjurer
   233 | D        | Reached skill level 14 in Axes
   233 | D        | Reached XP level 6. HP: 38/50 MP: 10/14
   233 | D        | Reached XP level 7. HP: 42/56 MP: 12/17
   233 | D        | Killed a deep elf summoner
   233 | D        | Reached skill level 15 in Axes
   233 | D        | Reached XP level 8. HP: 37/62 MP: 13/19
   234 | D        | Killed a deep elf fighter
   234 | D        | Acquired Makhleb's third power
   238 | D        | Killed a deep elf knight
   238 | D        | Reached skill level 16 in Axes
   238 | D        | Reached skill level 10 in Armour
   238 | D        | Reached skill level 10 in Evocations
   254 | D        | Learned a level 2 spell: Repel Missiles
   255 | D        | Identified the Compendium of Unholy Rituals (You found it in the Dungeon)
   448 | D        | Reached skill level 17 in Axes
   448 | D        | Reached XP level 9. HP: 66/71 MP: 22/22
   449 | D        | Entered arena 4.
   449 | D        | Noticed an iron imp
   449 | D        | Noticed a hell hound
   450 | D        | Killed an iron imp
   452 | D        | Acquired Makhleb's fourth power
   453 | D        | Killed a hell hound
   463 | D        | Entered arena 5.
   463 | D        | Noticed a merfolk
   463 | D        | Noticed a merfolk
   463 | D        | Noticed a merfolk
   463 | D        | Noticed a merfolk
   463 | D        | Noticed a merfolk
   468 | D        | Killed a merfolk
   468 | D        | Reached skill level 5 in Fighting
   468 | D        | Reached XP level 10. HP: 71/81 MP: 23/23
   469 | D        | Killed a merfolk
   469 | D        | Acquired Makhleb's fifth power
   469 | D        | Reached skill level 18 in Axes
   473 | D        | Killed a merfolk
   473 | D        | Killed a merfolk
   475 | D        | Killed a merfolk
   490 | D        | Entered arena 6.
   490 | D        | Noticed a wolf
   490 | D        | Noticed a yak
   490 | D        | Noticed a yak
   490 | D        | Noticed a giant frog
   493 | D        | Killed a giant frog
   495 | D        | Killed a yak
   495 | D        | Killed a wolf
   497 | D        | Killed a yak
   497 | D        | Reached skill level 19 in Axes
   506 | D        | Got the ring "Kigejiz" {AC+2 Int+5}
   514 | D        | Entered arena 7.
   514 | D        | Noticed a water moccasin
   514 | D        | Noticed a basilisk
   514 | D        | Noticed a spiny frog
   514 | D        | Noticed a porcupine
   514 | D        | Noticed a giant frog
   517 | D        | Killed a water moccasin
   518 | D        | Killed a porcupine
   518 | D        | Killed a spiny frog
   518 | D        | Noticed a rust devil
   519 | D        | Killed a giant frog
   521 | D        | Killed a rust devil
   522 | D        | Killed a basilisk
   532 | D        | Entered arena 8.
   532 | D        | Noticed Sigmund
   532 | D        | Noticed Duvessa
   532 | D        | Noticed Edmund
   532 | D        | Noticed Erica
   532 | D        | Noticed Eustachio
   532 | D        | Noticed Gastronok
   532 | D        | Noticed Grum
   539 | D        | Killed Grum
   541 | D        | Killed Edmund
   541 | D        | Killed Duvessa
   543 | D        | Killed Gastronok
   543 | D        | Reached XP level 11. HP: 99/99 MP: 24/26
   544 | D        | Killed Eustachio
   544 | D        | Reached skill level 10 in Fighting
   544 | D        | Reached skill level 5 in Dodging
   545 | D        | Killed Erica
   547 | D        | Killed Sigmund
   691 | D        | Entered arena 9.
   691 | D        | Noticed a wight
   691 | D        | Noticed a phantom
   691 | D        | Noticed a necrophage
   691 | D        | Noticed a phantom
   695 | D        | Killed a necrophage
   696 | D        | Killed a phantom
   697 | D        | Killed a wight
   699 | D        | Killed a phantom
   713 | D        | Entered arena 10.
   713 | D        | Noticed a small abomination
   713 | D        | Noticed a quasit
   713 | D        | Noticed a pale draconian caller
   713 | D        | Noticed a quasit
   713 | D        | Noticed a tentacled starspawn
   713 | D        | Noticed a crimson imp
   715 | D        | Noticed a death drake
   716 | D        | Killed a quasit
   718 | D        | Killed a tentacled starspawn
   718 | D        | Killed a quasit
   720 | D        | Killed a pale draconian caller
   721 | D        | Killed a crimson imp
   722 | D        | Killed a small abomination
   744 | D        | Entered arena 11.
   744 | D        | Noticed a wolf spider
   744 | D        | Noticed a tarantella
   744 | D        | Noticed a tarantella
   744 | D        | Noticed a wasp
   744 | D        | Noticed a ghost moth
   744 | D        | Noticed a wasp
   745 | D        | Noticed a tarantella
   745 | D        | Killed a tarantella
   745 | D        | Killed a tarantella
   746 | D        | Noticed a hornet
   748 | D        | Killed a wasp
   749 | D        | Killed a wolf spider
   750 | D        | Killed a tarantella
   752 | D        | Killed a ghost moth
   752 | D        | Reached skill level 15 in Armour
   752 | D        | Reached skill level 15 in Evocations
   752 | D        | Reached XP level 12. HP: 112/115 MP: 0/29
   753 | D        | Killed a hornet
   754 | D        | Killed a wasp
   895 | D        | Noticed a trapdoor spider
   895 | D        | Noticed a trapdoor spider
   896 | D        | Killed a trapdoor spider
   899 | D        | Killed a trapdoor spider
   996 | D        | Entered arena 12.
   996 | D        | Noticed Setuenah the pandemonium lord
   996 | D        | Noticed a ynoxinul
   996 | D        | Noticed a blue devil
   996 | D        | Noticed a gelid demonspawn
   996 | D        | Noticed a sixfirhy
   996 | D        | Noticed an orange demon
   996 | D        | Noticed a blue devil
   996 | D        | Noticed a hellwing
   997 | D        | Noticed a shadow demon
   997 | D        | Noticed an ice devil
   997 | D        | Noticed an orange demon
   999 | D        | Killed a sixfirhy
  1004 | D        | Killed a blue devil
  1005 | D        | Killed a blue devil
  1005 | D        | Killed an orange demon
  1006 | D        | Killed a shadow demon
  1006 | D        | Killed a gelid demonspawn
  1008 | D        | Killed a hellwing
  1010 | D        | Killed a ynoxinul
  1012 | D        | Killed an ice devil
  1015 | D        | Killed Setuenah the pandemonium lord
  1015 | D        | Reached skill level 15 in Fighting
  1015 | D        | Reached skill level 10 in Dodging
  1018 | D        | Killed an orange demon
  1052 | D        | Entered arena 13.
  1052 | D        | Noticed a shadow dragon
  1053 | D        | Noticed a shadow dragon
  1053 | D        | Noticed a soul eater
  1053 | D        | Noticed a soul eater
  1053 | D        | Noticed a ghoul
  1053 | D        | Noticed a soul eater
  1053 | D        | Noticed a shadow dragon
  1054 | D        | Noticed a soul eater
  1066 | D        | Killed a soul eater
  1067 | D        | Killed a shadow dragon
  1068 | D        | Killed a shadow dragon
  1068 | D        | Reached XP level 13. HP: 128/128 MP: 29/31
  1071 | D        | Killed a soul eater
  1071 | D        | Killed a soul eater
  1073 | D        | Killed a ghoul
  1074 | D        | Killed a soul eater
  1075 | D        | Killed a shadow dragon
  1123 | D        | Learned a level 2 spell: Blink
  1127 | D        | Entered arena 14.
  1127 | D        | Noticed a troll
  1127 | D        | Noticed an orc warrior
  1127 | D        | Noticed a warg
  1128 | D        | Noticed an orc warlord
  1129 | D        | Killed a warg
  1133 | D        | Killed a troll
  1137 | D        | Killed an orc warrior
  1145 | D        | Killed an orc warlord
  1174 | D        | Entered arena 15.
  1174 | D        | Noticed a vault guard
  1174 | D        | Noticed a vault guard
  1174 | D        | Noticed a lich
  1175 | D        | Noticed a vault guard
  1175 | D        | Noticed a vault guard
  1175 | D        | Noticed a vault guard
  1175 | D        | Noticed a vault guard
  1175 | D        | Noticed a vault guard
  1175 | D        | Noticed a vault guard
  1176 | D        | Noticed a vault guard
  1176 | D        | Noticed a vault guard
  1176 | D        | Noticed a vault guard
  1176 | D        | Noticed a vault guard
  1176 | D        | Noticed a vault guard
  1180 | D        | Killed a vault guard
  1180 | D        | Killed a vault guard
  1181 | D        | Killed a vault guard
  1181 | D        | Killed a vault guard
  1181 | D        | Killed a vault guard
  1181 | D        | Killed a vault guard
  1181 | D        | Killed a vault guard
  1181 | D        | Killed a vault guard
  1181 | D        | Killed a vault guard
  1182 | D        | Killed a vault guard
  1183 | D        | Killed a lich
  1183 | D        | Killed a vault guard
  1185 | D        | Killed a vault guard
  1185 | D        | Reached XP level 14. HP: 142/144 MP: 31/33
  1187 | D        | Killed a vault guard
  1206 | D        | Entered arena 16.
  1206 | D        | Noticed Dowan
  1212 | D        | Killed Dowan
  1214 | D        | Noticed Sonja
  1214 | D        | Noticed Polyphemus
  1214 | D        | Noticed Crazy Yiuf
  1215 | D        | Noticed Saint Roka
  1215 | D        | Noticed Josephine
  1215 | D        | Noticed Erolcha
  1216 | D        | Noticed Jessica
  1216 | D        | Noticed Roxanne
  1216 | D        | Noticed Norris
  1216 | D        | Noticed Maud
  1217 | D        | Noticed Joseph
  1217 | D        | Noticed Maurice
  1218 | D        | Noticed Blork the orc
  1218 | D        | Noticed Kirke
  1218 | D        | Killed Erolcha
  1221 | D        | Killed Crazy Yiuf
  1223 | D        | Noticed a sphinx
  1224 | D        | Killed Jessica
  1225 | D        | Killed Josephine
  1226 | D        | Killed Maud
  1226 | D        | Killed Maurice
  1227 | D        | Killed Saint Roka
  1227 | D        | Killed Sonja
  1229 | D        | Killed Norris
  1229 | D        | Reached skill level 20 in Armour
  1231 | D        | Killed Blork the orc
  1231 | D        | Killed Polyphemus
  1234 | D        | Killed Kirke
  1238 | D        | Killed Joseph
  1460 | D        | Killed Roxanne
  1462 | D        | Identified Roxanne's Compendium of Earth and Changing (You took it off Roxanne in the Dungeon)
  1483 | D        | Got a dazzling buckler
  1489 | D        | Identified the +0 buckler of the Yeti {MR+} (You took it off Norris in the Dungeon)
  1545 | D        | Entered arena 17.
  1547 | D        | Noticed a hornet
  1547 | D        | Noticed a hornet
  1547 | D        | Noticed a tarantella
  1548 | D        | Noticed a wasp
  1548 | D        | Noticed a hornet
  1548 | D        | Noticed a wasp
  1548 | D        | Noticed a tarantella
  1548 | D        | Noticed a demonic crawler
  1548 | D        | Noticed an orb spider
  1548 | D        | Noticed a hornet
  1548 | D        | Noticed a moth of wrath
  1549 | D        | Noticed a hornet
  1549 | D        | Noticed a hornet
  1549 | D        | Noticed a wasp
  1549 | D        | Noticed a trapdoor spider
  1550 | D        | Noticed a wasp
  1551 | D        | Noticed a hornet
  1551 | D        | Killed a tarantella
  1552 | D        | Killed a wasp
  1552 | D        | Killed a tarantella
  1552 | D        | Killed a hornet
  1552 | D        | Killed a hornet
  1552 | D        | Killed a trapdoor spider
  1552 | D        | Killed a wasp
  1552 | D        | Killed a wasp
  1552 | D        | Killed a wasp
  1552 | D        | Paralysed by a hornet for 4 turns
  1554 | D        | Killed a hornet
  1554 | D        | Killed a hornet
  1554 | D        | Killed a hornet
  1555 | D        | Killed a moth of wrath
  1555 | D        | Killed a hornet
  1556 | D        | Killed a hornet
  1559 | D        | Killed a demonic crawler
  1559 | D        | Killed an orb spider
  1576 | D        | Identified Sif Muna's Reference Book on Dusty Confrontation (You found it in the Dungeon)
  1577 | D        | Noticed a trapdoor spider
  1579 | D        | Killed a trapdoor spider
  1754 | D        | Entered arena 18.
  1756 | D        | Noticed a quasit
  1756 | D        | Noticed an ancient zyme
  1756 | D        | Noticed a crimson imp
  1757 | D        | Noticed a small abomination
  1757 | D        | Noticed a tentacled starspawn
  1757 | D        | Noticed a quasit
  1757 | D        | Noticed an ancient zyme
  1757 | D        | Noticed an iron imp
  1757 | D        | Noticed a great orb of eyes
  1757 | D        | Noticed a jelly
  1757 | D        | Noticed a crimson imp
  1757 | D        | Noticed a crimson imp
  1758 | D        | Noticed a smoke demon
  1758 | D        | Noticed a large abomination
  1758 | D        | Noticed a small abomination
  1758 | D        | Noticed a quasit
  1767 | D        | Killed a crimson imp
  1767 | D        | Killed a jelly
  1767 | D        | Killed a quasit
  1767 | D        | Killed a small abomination
  1767 | D        | Killed a small abomination
  1767 | D        | Killed a smoke demon
  1767 | D        | Killed a crimson imp
  1772 | D        | Killed an ancient zyme
  1772 | D        | Killed a large abomination
  1775 | D        | Killed a tentacled starspawn
  1775 | D        | Killed a quasit
  1777 | D        | Killed an iron imp
  1782 | D        | Killed an ancient zyme
  1782 | D        | Killed a crimson imp
  1782 | D        | Killed a great orb of eyes
  1782 | D        | Reached skill level 15 in Dodging
  1782 | D        | Killed a quasit
  1792 | D        | Got the ring of Xom's Malicious Joy {rPois Str+2 Stlth-}
  1966 | D        | Entered arena 19.
  1970 | D        | Noticed a daeva
  1970 | D        | Noticed an angel
  1970 | D        | Noticed a pearl dragon
  1971 | D        | Noticed a pearl dragon
  1972 | D        | Noticed a pearl dragon
  1972 | D        | Noticed a cherub
  1972 | D        | Noticed an ophan
  1972 | D        | Noticed a cherub
  1972 | D        | Noticed an ophan
  1973 | D        | Noticed a cherub
  1973 | D        | Noticed a cherub
  1986 | D        | HP: 9/223 [angel/whip of holy wrath (16)]
  1986 | D        | HP: 4/223 [angel/whip of holy wrath (5)]
  1987 | D        | Killed from afar by a daeva

Inventory:

Hand weapons
 H - a +4 battleaxe of chopping (weapon)
Armour
 p - a +1 helmet of see invisible (worn)
 q - a +2 pair of gloves of dexterity (worn)
 J - the +15 Maxwell's patent armour (worn) {-Cast -Tele rElec MR+ rCorr}
   (You found it in the Dungeon)

   It insulates you from electricity.
   It affects your resistance to hostile enchantments.
   It prevents spellcasting.
   It prevents most forms of teleportation.
   It protects you from acid and corrosion.
Jewellery
 a - the ring of Xom's Malicious Joy (left hand) {rPois Str+2 Stlth-}
   (You took it off a crimson imp in the Dungeon)

   [ring of loudness]

   It affects your strength (+2).
   It protects you from poison.
   It makes you less stealthy.
 c - the brooch of Shielding (around neck) {Ward rN+ AC+4 EV+4}
   (You found it in the Dungeon)

   [amulet of warding]

   It may prevent the melee attacks of summoned creatures.
   It affects your AC (+4).
   It affects your evasion (+4).
   It protects you from negative energy.
 r - the ring of Robustness (right hand) {AC+8}
   (You took it off Blork the orc in the Dungeon)

   [ring of protection]

   It affects your AC (+8).
Magical devices
 D - a wand of fire (5)
 E - a wand of cold (5)
 F - a wand of draining (5)
Scrolls
 k - 6 scrolls of blinking
 t - 3 scrolls of recharging
 u - 7 scrolls of fog
 v - a scroll of holy word
 w - 4 scrolls of identify
 x - 4 scrolls of remove curse
 y - 2 scrolls of fear
Potions
 e - 11 potions of curing
 g - 8 potions of heal wounds
 h - 5 potions of haste
 i - 7 potions of magic
 l - 3 potions of brilliance
 m - 2 potions of invisibility
 n - 2 potions of restore abilities
 o - 3 potions of resistance
Books
 s - a manual of Fighting
Miscellaneous
 d - a lamp of fire (inert)
 B - a disc of storms
 M - a fan of gales
Comestibles
 f - 5 meat rations
 z - 42 fruits
 A - a bread ration

Table legend:
 A = Turns spent in this place as a percentage of turns spent in the entire game.
 B = Non-inter-level travel turns spent in this place as a percentage of non-inter-level travel turns spent in the entire game.
 C = Inter-level travel turns spent in this place as a percentage of turns spent in this place.
 D = Turns resting spent in this place as a percentage of non-inter-level travel turns spent in this place.
 E = Turns spent auto-exploring this place as a percentage of non-inter-level travel turns spent in this place.
 F = Non-inter-level travel turns spent in this place divided by the number of levels of this place that you've seen.
                   A       B       C       D       E      F
               +-------+-------+-------+-------+-------+----------------------
         Total | 100.0 | 100.0 |   0.0 |   5.0 |   0.0 | 953.0
       Dungeon | 100.0 | 100.0 |   0.0 |   5.0 |   0.0 | 953.0
               +-------+-------+-------+-------+-------+----------------------


   Skills:
 + Level 20.8 Fighting
 * Level 19.7 Axes
 - Level 2.0 Throwing
 - Level 20.7 Armour
 + Level 15.0 Dodging
 + Level 20.9 Evocations


You had 9 spell levels left.
You knew the following spells:

 Your Spells              Type           Power        Failure   Level  Hunger
a - Repel Missiles        Chrm/Air       #.....       100%        2    ###....
b - Blink                 Tloc           N/A          100%        2    ###....


Dungeon Overview and Level Annotations

Branches:
Dungeon (1/1)

Altars:
Ashenzari
Cheibriados
Dithmenos
Elyvilon
Fedhas
Gozag
Kikubaaqudgha
Makhleb
Nemelex Xobeh
Okawaru
Qazlal
Ru
Sif Muna
Trog
Vehumet
Xom
Yredelemnul
Zin
The Shining One
Beogh
Jiyva
Lugonu


Message History

The ophan calls forth blessed flames!
The angel misses you. The angel hits you but does no damage.
The pearl dragon misses you. The pearl dragon closely misses you.
You slice the pearl dragon!!
The pearl dragon is moderately wounded.
You closely miss the angel.
The angel is lightly wounded.
You barely miss the pearl dragon. You hit the pearl dragon.
The pearl dragon is heavily wounded.
You are engulfed in blessed fire.
The cherub sings a powerful hymn!
The pearl dragons are roused to righteous anger!
The pearl dragon bites you!!
The pearl dragon claws you but does no damage.
The pearl dragon misses you. The pearl dragon barely misses you.
The pearl dragon completely misses you.
The pearl dragon claws you but does no damage.
The daeva calls down the wrath of the Shining One upon you.
Something smites you! The pearl dragon barely misses you.
The pearl dragon claws you but does no damage.
The cherub completely misses you. The cherub barely misses you.
The angel hits you with a whip of holy wrath!
The angel hits you with a whip of holy wrath.
You slash the pearl dragon!
The pearl dragon is heavily wounded.
Your Maxwell's patent armour prevents you from hitting the cherub.
The cherub is lightly wounded.
You barely miss the pearl dragon. You slash the angel!
The angel is moderately wounded.
You closely miss the pearl dragon.
The pearl dragon is heavily wounded.
The pearl dragon breathes holy energy at you.
The blast of cleansing flame engulfs you!
The pearl dragon bites you but does no damage.
The pearl dragon claws you but does no damage.
The ophan calls forth blessed flames!
The cherub shoots an arrow.
The arrow hits you but does no damage.
The daeva calls down the wrath of the Shining One upon you.
Something smites you!
You die...

......._▓ ..=.:}[)||[ ▓...}:=:
.......8▓▓......(..... ▓.......
......._▓▓............. ▓.......
...=...8▓▓.............. ▓.......
...|..._▓▓......§........▓..(.(..
.......8▓▓....AG.A.......▓...(.).
......._▓▓..≈..(GA.......▓.......
.......8▓▓....§ADDA......▓..▓....
8_8_8_8_▓▓..§▓§§@§§..▓§..▓.......
▓▓▓▓▓▓▓▓▓▓..▓.▓§DA..▓.▓ .▓.......
▓...▓.....≈.▓...▓.......
▓...............▓▓▓▓▓▓▓▓
▓...............▓.....8©
▓▓▓▓▓▓▓▓▓▓▓▓▓▓▓▓▓..|}))| ▓..)}))|
▓....... ▓.......


You could see a daeva (roused), 3 pearl dragons, an angel (roused), 2 ophanim
and 4 cherubim.

Table legend:
 A = Kills in this place as a percentage of kills in entire the game.
 B = Kills by you in this place as a percentage of kills by you in the entire game.
 C = Kills by friends in this place as a percentage of kills by friends in the entire game.
 D = Other kills in this place as a percentage of other kills in the entire game.
 E = Experience gained in this place as a percentage of experience gained in the entire game.
 F = Experience gained in this place divided by the number of levels of this place that you have seen.
                   A       B       C       D       E      F
               +-------+-------+-------+-------+-------+----------------------
         Total | 100.0 | 100.0 | 100.0 | 100.0 | 100.0 | 84167.0
       Dungeon | 100.0 | 100.0 | 100.0 | 100.0 | 100.0 | 84167.0
               +-------+-------+-------+-------+-------+----------------------

Vanquished Creatures
  Norris (D)
  Saint Roka (D)
  A pandemonium lord (D)
  Polyphemus (D)
  2 tentacled starspawn (D)
  A lich (D)
  Kirke (D)
  3 shadow dragons (D)
  Roxanne (D)
  Maud (D)
  A ghost moth (D)
  An orc warlord (D)
  A ghoul (D)
  A draconian caller (D)
  13 vault guards (D)
  A great orb of eyes (D)
  Erica (D)
  3 soul eaters (D)
  An ice devil (D)
  A deep elf knight (D)
  A gelid demonspawn (D)
  Erolcha (D)
  A shadow demon (D)
  A deep elf conjurer (D)
  6 hornets (D)
  A wolf spider (D)
  A draconian zombie (D)
  A sixfirhy (D)
  A smoke demon (D)
  3 orange demons (D)
  A rust devil (D)
  A demonic crawler (D)
  A spiny frog (D)
  2 ancient zymes (D)
  A hellwing (D)
  2 blue devils (D)
  3 merfolk (D)
  A troll (D)
  3 trapdoor spiders (D)
  A basilisk (D)
  4 tarantellas (D)
  A ynoxinul (D)
  A large abomination (D)
  2 yaks (D)
  Grum (D)
  Edmund (D)
  A wolf (D)
  A warg (D)
  A water moccasin (D)
  A hell hound (D)
  A porcupine (D)
  2 phantoms (D)
  2 ice beasts (D)
  A necrophage (D)
  5 wasps (D)
  Sigmund (D)
  Duvessa (D)
  2 giant frogs (D)
  Blork the orc (D)
  3 small abominations (D)
  A wight (D)
  Dowan (D)
  4 crimson imps (D)
  A jelly (D)
  Crazy Yiuf (D)
  2 iron imps (D)
  5 quasits (D)
  A mummy (D)
  3 river rats (D)
  3 shadow imps (D)
  5 white imps (D)
  An ufetubus (D)
  An adder zombie (D)
  9 orcs (D)
  3 bats (D)
  A bat skeleton (D)
  3 bat zombies (D)
  A goblin (D)
  A giant cockroach simulacrum (D)
  A giant cockroach zombie (D)
  4 giant gecko zombies (D)
  3 starspawn tentacles (D)
158 creatures vanquished.

Vanquished Creatures (collateral kills)
  Gastronok (D)
  Josephine (D)
  A soul eater (D)
  A deep elf summoner (D)
  An orb spider (D)
  2 hornets (D)
  A moth of wrath (D)
  Joseph (D)
  2 merfolk (D)
  Sonja (D)
  A trapdoor spider (D)
  A ynoxinul (D)
  Eustachio (D)
  A tarantella (D)
  A deep elf fighter (D)
  A wasp (D)
  An orc warrior (D)
  A sheep (D)
20 creatures vanquished.

Vanquished Creatures (others)
  2 sixfirhies (D)
  A rust devil (D)
  Maurice (D)
  5 fire elementals (D)
  A neqoxec (D)
  Jessica (D)
  3 starspawn tentacles (D)
  116 starspawn tentacle segments (D)
130 creatures vanquished.

Grand Total: 308 creatures vanquished

Action                   |  1- 3 |  4- 6 |  7- 9 | 10-12 | 13-15 || total
-------------------------+-------+-------+-------+-------+-------++-------
Melee: Broad axe         |     6 |     5 |     8 |    77 |    64 ||   160
       Unarmed           |       |       |       |       |    26 ||    26
       Battleaxe         |       |       |       |       |     2 ||     2
Evoke: Lamp of fire      |       |       |     1 |     3 |     3 ||     7
       Disc of storms    |       |       |       |     1 |    17 ||    18
  Use: Potion            |     3 |       |     3 |     9 |    12 ||    27
       Scroll            |       |       |       |     1 |     5 ||     6
 Stab: Distracted        |       |       |       |     1 |       ||     1
  Eat: Bread ration      |       |       |       |     1 |     2 ||     3

Vault maps used:
D:        sprint_v
